 Dungeon Crawl Stone Soup version 0.20.1-1-g8b1a95d (webtiles) character file.

111 Melbolja the Sneak (level 4, -5/22 HPs)
             Began as a Spriggan Assassin on Oct 1, 2017.
             Slain by a wight
             ... wielding a +0 battleaxe
              (17 damage)
             ... on level 3 of the Dungeon.
             The game lasted 00:18:37 (2708 turns).

Melbolja the Sneak (Spriggan Assassin)              Turns: 2708, Time: 00:18:38

Health: -5/22      AC:  3    Str:  7    XL:     4   Next: 62%
Magic:  5/5        EV: 17    Int: 12    God:
Gold:   133        SH:  0    Dex: 18    Spells: 3/3 levels left

rFire    . . .     SeeInvis +   a - +2 dagger
rCold    . . .     Gourm    .   (shield restricted)
rNeg     . . .     Faith    .   c - +0 robe
rPois    .         Spirit   .   (helmet restricted)
rElec    .         Reflect  .   d - +0 cloak
rCorr    .         Harm     .   (gloves unavailable)
MR       .....                  (boots unavailable)
Stlth    +++.......             (no amulet)
Regen    0.1/turn               (no ring)
MPRegen  0.1/turn               (no ring)

@: drained, very quick
A: unfitting armour, see invisible, herbivore 3, speed 3, slow metabolism 2
a: no special abilities


You were on level 3 of the Dungeon.
You were not hungry.

You visited 1 branch of the dungeon, and saw 3 of its levels.

You collected 133 gold pieces.

Inventory:

Hand Weapons
 a - a +2 dagger (weapon)
 b - a +0 blowgun
 f - a +2 hand axe of pain
 D - a +3 short sword
Missiles
 i - 109 stones (quivered)
 u - 5 needles of sleeping
 y - 36 arrows
 A - 4 poisoned needles
Armour
 c - a +0 robe (worn)
 d - a +0 cloak (worn)
 r - a +0 buckler
Jewellery
 o - an uncursed ring of wizardry {unknown}
Scrolls
 e - 5 scrolls of identify {unknown}
 l - a scroll of remove curse {unknown}
 m - 2 scrolls of immolation {unknown}
 p - a scroll of teleportation {unknown}
 t - a scroll of noise {unknown}
 v - 2 scrolls of amnesia {unknown}
 w - a scroll of magic mapping {unknown}
 B - a scroll of enchant weapon {unknown}
Potions
 h - 2 potions of lignification {unknown}
 j - 2 potions of agility {unknown}
 k - 2 potions of berserk rage {unknown}
 q - 3 potions of flight {unknown}
 s - a potion of resistance {unknown}
 x - a potion of mutation {unknown}
 z - a potion of degeneration {unknown}
Books
 C - a book of Cantrips

   Spells                             Type                      Level
   a - Confusing Touch                Hexes                        1
   b - Animate Skeleton               Necromancy                   1
   c - Summon Small Mammal            Summoning                    1
   d - Apportation                    Translocation                1
Comestibles
 g - 4 bread rations
 n - a royal jelly


   Skills:
 - Level 1.5(1.0) Fighting
 - Level 2.1(1.6) Short Blades
 * Level 4.2(3.6) Throwing
 + Level 2.2(1.6) Dodging
 + Level 6.8(6.2) Stealth


You had 3 spell levels left.
You didn't know any spells.

Dungeon Overview and Level Annotations

Branches:
Dungeon (3/15)

Altars:
Nemelex Xobeh


Innate Abilities, Weirdness & Mutations

You are very small and have problems with some larger weapons.
You are too small for most types of armour.
You have supernaturally acute eyesight. (SInv)
You are a herbivore.
You cover ground extremely quickly.
You need consume almost no food.


Message History

The wight is heavily damaged.
The wight barely misses you.
You hit the wight.
The wight is severely damaged.
You hit the wight.
The wight is almost destroyed.
The wight completely misses you.
You hit the wight but do no damage.
The wight is almost destroyed.
The wight misses you.
You hit the wight but do no damage.
The wight is almost destroyed.
You hit the wight but do no damage.
The wight is almost destroyed.
The wight barely misses you.
You hit the wight but do no damage.
The wight is almost destroyed.
The wight hits you with a battleaxe!
Ouch! That really hurt!
You die...

####### ........#
.........##
..........#
..........#
..........#
..........#########
................@.#
...........######z#
######'#..# #(#
#.#<.# #(#
#######.#.## #(#
((z.(.#.#.# #(#
#####.#.#.# #.#
#.#.#.# #.#
#(#.#.#######.#


You could see a wight.

Vanquished Creatures
  Robin (D:2)
  4 adders (D:2)
  A worm (D:2)
  3 dart slugs
  3 leopard geckos (D:1)
  A giant cockroach (D:1)
  12 goblins
  6 hobgoblins
  3 jackals (D:2)
  4 kobolds
  4 bats (D:1)
  3 frilled lizards
  5 rats
50 creatures vanquished.

Notes
Turn   | Place    | Note
-------+----------+-------------------------------------------
     0 | D:1      | Melbolja the Spriggan Assassin began the quest for the Orb.
     0 | D:1      | Reached XP level 1. HP: 10/10 MP: 2/2
   189 | D:1      | Reached skill level 6 in Stealth
   207 | D:1      | You fall through a shaft!
   207 | D:2      | Found a sparkling altar of Nemelex Xobeh.
   325 | D:1      | Reached XP level 2. HP: 14/14 MP: 3/3
   555 | D:1      | Reached XP level 3. HP: 16/18 MP: 4/4
   977 | D:2      | Noticed Robin
  1456 | D:2      | Killed Robin
  1571 | D:2      | Reached XP level 4. HP: 20/22 MP: 5/5
  2708 | D:3      | Slain by a wight

Skill      XL: |  1  2  3  4 |
---------------+-------------+-----
Stealth        | 6 |  6.8
Throwing       | 3 4 |  4.2
Dodging        | 2 |  2.2
Fighting       | |  1.5
Short Blades   | |  2.1

Action                   |  1- 3 |  4- 6 || total
-------------------------+-------+-------++-------
Melee: Dagger            |    59 |    63 ||   122
 Fire: Blowgun           |    69 |     9 ||    78
Throw: Stone             |    25 |    38 ||    63
 Stab: Sleeping          |     5 |     5 ||    10
Armor: Robe              |    20 |     3 ||    23
Dodge: Dodged            |    75 |    35 ||   110
